Map: Deathaura LE

Players

BratOK (Brat_OK) - Winner!

  • Race: Terran Terran
  • League: Master
  • Spawn Location: 5:00

Garitos

  • Race: Zerg Zerg
  • League: Grandmaster
  • Spawn Location: 11:00

Event: DreamHack SC2 Masters 2020 Fall

VOD

Have the link to the VOD?

Description

Time

  • Played on: Aug. 29, 2020, 2:38 p.m.
  • Length: 11:44

All games in this series

Show
View Real Time Build Order
Export as new Build Order

BratOK Terran - Winner!

Build Orders: Reaper Expand, Hellion Banshee 

Get SALT Encoding   

  12  0:00  SCV  
  13  0:12  SCV  
  14  0:17  Supply Depot  
  14  0:25  SCV  
  15  0:38  SCV  
  15  0:40  Barracks  
  16  0:43  Refinery  
  16  0:50  SCV  
  17  1:03  SCV  
  18  1:15  SCV  
  19  1:27  Orbital Command, Reaper  
  20  1:39  Command Center  
  20  1:46  Supply Depot  
  20  1:53  SCV  
  21  1:59  Marine  
  22  2:05  SCV  
  23  2:10  Factory  
  23  2:13  Refinery  
  23  2:17  SCV  
  23  2:20  Barracks Reactor  
  24  2:29  SCV  
  25  2:41  SCV  
  26  2:51  Orbital Command  
  26  2:54  SCV  
  27  2:59  Starport  
  27  3:02  Hellion x2  
  31  3:06  SCV  
  31  3:09  Barracks Tech Lab  
  32  3:18  SCV  
  32  3:19  SCV  
  34  3:23  Supply Depot  
  34  3:24  Hellion x2  
  38  3:30  SCV  
  39  3:36  SCV  
  39  3:41  Banshee, Cloaking Field  
  43  3:42  SCV  
  43  3:46  Supply Depot  
  44  3:48  SCV  
  44  3:53  Hellion x2  
  44  3:54  SCV  
  50  4:00  SCV  
  51  4:07  SCV  
  52  4:11  Command Center  
  52  4:21  SCV x2  
  52  4:22  Factory Reactor  
  52  4:23  Banshee  
  57  4:31  Barracks  
  57  4:33  Barracks Tech Lab, SCV x2  
  57  4:35  Barracks  
  57  4:36  Supply Depot  
  59  4:45  SCV  
  59  4:46  SCV  
  59  4:48  Engineering Bay x2  
  61  4:58  SCV  
  62  5:02  SCV  
  62  5:06  Refinery  
  63  5:10  SCV  
  63  5:11  Refinery  
  64  5:14  SCV  
  64  5:15  Starport Reactor  
  64  5:18  Terran Infantry Armor Level 1, Terran Infantry Weapons Level 1  
  64  5:20  Stimpack, Marine  
  64  5:21  Marine x2  
  68  5:23  Barracks  
  68  5:25  Barracks  
  68  5:27  SCV x2  
  70  5:34  SCV  
  71  5:37  Siege Tank, Marine x2  
  76  5:48  Marine  
  76  5:49  Marine x2  
  79  5:50  Orbital Command  
  79  5:56  Medivac x2  
  83  5:59  SCV  
  84  6:10  Marine  
  85  6:11  Barracks Reactor  
  85  6:12  Barracks Reactor  
  85  6:14  Orbital Command  
  85  6:17  Supply Depot  
  85  6:21  Supply Depot  
  85  6:36  Armory  
  85  6:39  Medivac, Siege Tank, SCV, Marine x2  
  93  6:43  Medivac, SCV, Marine x2  
  98  6:51  SCV x2  
  100  6:55  Marine  
  100  6:58  Supply Depot  
  101  7:06  Supply Depot  
  101  7:07  Supply Depot  
  101  7:16  Supply Depot  
  101  7:19  Medivac x2, SCV  
  101  7:20  SCV x2  
  108  7:26  Combat Shield  
  108  7:27  Terran Infantry Weapons Level 2  
  108  7:30  Marine x9  
  108  7:32  SCV  
  108  7:34  SCV  
  108  7:35  SCV, Supply Depot x2  
  120  7:42  Barracks  
  120  7:43  Barracks  
  120  7:44  Barracks  
  120  7:48  Terran Infantry Armor Level 2, Marine x9  
  120  7:51  SCV x2  
  131  7:52  Missile Turret  
  131  7:53  Missile Turret  
  131  7:54  Missile Turret  
  131  7:55  Supply Depot  
  131  8:08  Marine x7  
  138  8:22  Medivac x2, Siege Tank  
  145  8:28  SCV  
  145  8:30  Supply Depot  
  145  8:31  Supply Depot  
  143  8:37  Marine x7  
  143  8:38  Command Center  
  150  8:50  Marine  
  150  8:51  Marine x2  
  150  8:52  Marine x2  
  150  8:55  Marine x7  
  162  9:08  Marine  
  162  9:09  Marine  
  164  9:12  Marine x4  
  164  9:13  Marine x5  
  164  9:14  Marine  
  143  9:26  Marine x2  
  143  9:29  Marine  
  143  9:30  Marine x8  
  153  9:32  Marine  
  148  9:44  Medivac x2, Siege Tank, Marine x2  
  157  9:47  Marine x3  
  157  9:48  Marine x6  
  157  9:50  Marine  
  167  10:02  Marine x2  
  167  10:05  Marine x3  
  167  10:06  Marine x2  
  171  10:13  Marine  
  152  10:14  Medivac  
  152  10:17  Marine  
  152  10:18  Marine  
  152  10:20  Marine  
  157  10:21  Marine x3  
  157  10:23  Marine x3  
  157  10:24  Marine x2  
  164  10:29  Medivac, Siege Tank  
  164  10:31  Marine  
  164  10:33  Supply Depot  
  164  10:35  Marine  
  171  10:36  Marine  
  171  10:37  Marine  
  171  10:39  Marine x3  
  171  10:41  Marine x2  
  169  11:02  Siege Tank  
  169  11:03  Medivac  
  170  11:14  Marine x12  
Show
View Real Time Build Order
Export as new Build Order

Garitos Zerg 

Build Orders: Hatch First 

Get SALT Encoding   

  12  0:00  Drone  
  13  0:12  Overlord  
  13  0:17  Drone  
  14  0:30  Drone x2  
  16  0:48  Hatchery  
  15  0:51  Drone  
  15  0:56  Drone  
  17  0:57  Drone  
  18  1:12  Spawning Pool  
  18  1:16  Extractor  
  18  1:17  Drone  
  17  1:27  Drone x2  
  19  1:39  Drone  
  20  1:51  Overlord  
  20  2:00  Queen x2  
  20  2:01  Zergling x4  
  26  2:13  Drone x2  
  28  2:22  Metabolic Boost  
  28  2:23  Drone x2  
  30  2:37  Hatchery  
  30  2:42  Drone x2  
  31  2:49  Drone  
  31  2:54  Queen  
  31  2:55  Drone  
  31  2:57  Drone  
  35  3:02  Overlord  
  36  3:05  Zergling x2  
  36  3:10  Overlord  
  36  3:22  Drone x4  
  36  3:26  Zergling x2  
  36  3:27  Drone  
  42  3:35  Queen  
  42  3:38  Drone x2  
  46  3:45  Roach Warren  
  46  3:47  Zergling x2  
  46  3:49  Queen, Zergling x2  
  46  3:50  Zergling x2  
  50  4:01  Drone x2  
  50  4:02  Spore Crawler  
  51  4:04  Spore Crawler  
  51  4:05  Drone x2  
  51  4:07  Drone x2  
  54  4:12  Drone  
  54  4:15  Drone, Spore Crawler x2  
  54  4:16  Drone  
  55  4:18  Drone  
  55  4:22  Drone x2  
  58  4:28  Overlord  
  58  4:31  Extractor  
  58  4:34  Evolution Chamber  
  58  4:35  Evolution Chamber  
  58  4:36  Drone x2  
  57  4:41  Drone  
  57  4:42  Overlord  
  58  4:46  Overlord  
  58  4:49  Drone  
  59  4:55  Drone x2  
  59  4:56  Overlord  
  59  4:58  Drone, Zergling x4  
  64  5:04  Overlord  
  64  5:07  Overlord  
  64  5:11  Overlord  
  61  5:17  Drone x3  
  63  5:23  Zerg Ground Armor Level 1  
  63  5:25  Zerg Melee Weapons Level 1  
  63  5:26  Drone  
  65  5:28  Drone  
  65  5:32  Overlord  
  64  5:36  Drone x2  
  64  5:37  Zergling x2  
  64  5:41  Lair  
  67  5:44  Drone  
  67  5:45  Drone  
  67  5:47  Drone  
  67  5:48  Drone  
  70  5:54  Drone  
  70  5:55  Drone x4  
  75  5:57  Drone  
  75  6:02  Drone  
  75  6:03  Baneling Nest  
  76  6:08  Zergling x2  
  75  6:21  Drone x2  
  75  6:24  Roach x5  
  75  6:25  Zergling x6  
  89  6:30  Queen x2  
  89  6:32  Overlord  
  93  6:33  Drone  
  93  6:34  Drone x3  
  93  6:37  Overlord  
  93  6:39  Pneumatized Carapace  
  97  6:44  Overseer  
  97  6:48  Drone x2  
  97  6:53  Drone x2  
  101  6:57  Overlord  
  101  6:58  Drone x3  
  101  6:59  Overlord, Hatchery  
  103  7:02  Extractor, Centrifical Hooks  
  103  7:04  Drone x2  
  103  7:05  Drone  
  105  7:08  Overlord  
  105  7:11  Drone x2  
  107  7:21  Hatchery  
  107  7:22  Drone  
  106  7:23  Drone x2  
  106  7:28  Zergling x2  
  109  7:32  Zerg Melee Weapons Level 2  
  109  7:35  Drone x4  
  113  7:37  Zergling x2  
  113  7:39  Extractor  
  113  7:40  Roach x3  
  119  7:45  Zergling x2  
  119  7:46  Overlord  
  119  7:49  Overlord  
  119  7:50  Overlord  
  120  7:55  Zergling x2  
  120  7:56  Overlord  
  121  7:58  Overlord  
  121  8:01  Overlord  
  121  8:02  Overlord  
  121  8:03  Queen, Zergling x2  
  121  8:05  Extractor  
  123  8:09  Zergling x2  
  123  8:10  Zergling x6  
  123  8:11  Overlord  
  128  8:20  Drone x2  
  128  8:22  Zerg Ground Armor Level 2, Zergling x8  
  133  8:32  Overlord  
  133  8:34  Baneling x9  
  133  8:36  Zergling x10  
  133  8:38  Drone x2  
  133  8:39  Zergling x2  
  141  8:44  Zergling x2  
  141  8:47  Zergling x6  
  144  8:53  Zergling x2  
  145  8:56  Zergling x4  
  145  8:58  Zergling x4  
  145  9:00  Zergling x2  
  148  9:07  Overlord, Baneling x5  
  148  9:08  Overlord  
  148  9:09  Zergling x4  
  149  9:10  Zergling x2  
  149  9:11  Zergling x6  
  149  9:13  Zergling x4  
  149  9:14  Zergling x2  
  142  9:21  Zergling x2  
  142  9:22  Zergling x6  
  133  9:26  Zergling x10  
  133  9:27  Zergling x4  
  133  9:29  Infestation Pit  
  132  9:34  Drone x2  
  132  9:35  Queen x2, Zergling x6  
  132  9:37  Zergling x4  
  142  9:42  Queen, Zergling x2  
  142  9:44  Queen x2  
  142  9:45  Zergling x2  
  149  9:46  Zergling x4  
  149  9:49  Zergling x4, Hatchery  
  149  9:50  Zergling x2  
  145  9:54  Zergling x2  
  145  9:55  Roach x2  
  145  9:56  Baneling x16  
  145  9:58  Roach  
  148  10:00  Zergling x2  
  148  10:02  Baneling  
  148  10:04  Roach x2  
  140  10:07  Roach  
  140  10:08  Roach  
  140  10:09  Roach  
  140  10:13  Roach x2  
  134  10:15  Roach  
  134  10:17  Roach  
  134  10:20  Roach  
  138  10:21  Zergling x12  
  138  10:27  Zergling x2  
  142  10:30  Zergling x4  
  142  10:33  Zergling x2  
  142  10:38  Zergling x2  
  142  10:41  Zergling x4  
  142  10:44  Baneling x8  
  142  10:45  Baneling  
  142  10:46  Zergling x2  
  142  10:48  Zergling x2  
  138  10:50  Zergling x2  
  138  10:52  Zergling x2  
  138  10:53  Zergling x6  
  138  10:54  Zergling x2  
  138  10:55  Zergling x2  
  138  10:56  Zergling x4  
  145  10:58  Zergling x6  
  145  11:00  Zergling x2  
  145  11:01  Ravager x2  
  145  11:02  Zergling x2  
  145  11:03  Zergling x2  
  153  11:10  Zergling x2  
  153  11:11  Zergling x2  
  150  11:16  Extractor, Zergling x2  
  150  11:17  Extractor  
  150  11:18  Zergling x2  
  149  11:20  Zergling x4  
  149  11:23  Zergling x4  
  149  11:25  Zergling x2  

Tags
 
Add a new tag
Caveats
  • Supply blocks, unpowered buildings, or Contaminate may cause inaccurate times.
  • Supply counts are checked every 10 seconds.